 Dungeon Sprint DCSS version 0.24.0-125-gc4c63601f3 (webtiles) character file.

Game seed: 13115219800673451654, levelgen mode: deterministic

10099 Ponchio the Eclecticist (level 11, 0/80 HPs)
             Began as a Deep Elf Earth Elementalist on Feb 25, 2020.
             Slain by a bone dragon (3 damage)
             ... in the Dungeon (Sprint II: "The Violet Keep of Menkaure").
             The game lasted 00:23:35 (2630 turns).

Ponchio the Eclecticist (DEEE)                      Turns: 2630, Time: 00:23:38

Health: 0/80       AC:  2    Str:  5    XL:     11   Next: 31%
Magic:  5/41       EV: 22    Int: 28    God:
Gold:   195        SH:  0    Dex: 15    Spells: 26/41 levels left

rFire    . . .     SeeInvis .   (no weapon)
rCold    . . .     Gourm    .   (no shield)
rNeg     . . .     Faith    .   c - +0 robe
rPois    .         Spirit   .   (helmet restricted)
rElec    .         Reflect  .   (no cloak)
rCorr    .         Harm     .   (no gloves)
MR       +....     NoTele   +   (no boots)
Stlth    ++........             (no amulet)
HPRegen  0.23/turn              g - +4 ring of intelligence
MPRegen  0.27/turn              a - ring of magical power

@: hasted, very quick
A: beak
a: no special abilities


You were in the Dungeon.
You were not hungry.

You visited 1 branch You collected 1306 gold pieces.
You spent 1111 gold pieces at shops.

Inventory:

Missiles
 b - 10 stones (quivered)
Armour
 c - a +0 robe (worn)
Jewellery
 a - a ring of magical power (right hand)
 g - a +4 ring of intelligence (left hand)
Potions
 d - a potion of degeneration {unknown}
 e - 2 potions of curing
 h - a potion of haste
 i - a potion of berserk rage
 k - 2 potions of flight
Comestibles
 j - 2 rations
 l - 2 chunks of flesh


   Skills:
 - Level 14.0 Fighting
 - Level 14.2 Dodging
 - Level 2.4 Stealth
 + Level 15.7 Spellcasting
 - Level 1.1 Transmutations
 + Level 15.4 Earth Magic


You had 26 spell levels left.
You knew the following spells:

 Your Spells              Type           Power        Failure   Level  Hunger
a - Sandblast             Erth           ######       0%          1    None
b - Passwall              Tmut/Erth      ######..     1%          2    None
c - Stone Arrow           Conj/Erth      ######       1%          3    None
d - Petrify               Tmut/Erth      ######..     1%          4    None
e - Lee's Rapid Deconstr  Erth           #######...   1%          5    None

Your spell library contained the following spells:

 Spells                   Type           Power        Failure   Level  Hunger


Dungeon Overview and Level Annotations

Branches:
Dungeon (1/1)

Altars:

Shops:
D }}:}}!:[!(:[:=[[!=%}*=}?!?%(

Annotations:
D exclusion: oklob plant


Innate Abilities, Weirdness & Mutations

You have a beak for a mouth.


Message History

Confirm with . or Enter, or press ? or * to list all spells.
Aiming: Lee's Rapid Deconstruction (safe; 1% risk of failure)
Press: ? - help, Dir - move target cursor A stone wall.
The wall shatters!
The blast of rock fragments hits the cacodemon!!
The cacodemon is severely wounded.
The cacodemon completely misses you. The cacodemon hits you!
Casting: Lee's Rapid Deconstruction (safe; 1% risk of failure)
Confirm with . or Enter, or press ? or * to list all spells.
Aiming: Lee's Rapid Deconstruction (safe; 1% risk of failure)
Press: ? - help, Dir - move target cursor A stone wall.
The wall shatters!
The blast of rock fragments hits the cacodemon!!
The cacodemon is almost dead.
The bone dragon bites you!!
* * * LOW HITPOINT WARNING * * *
The bone dragon claws you.
You die...

########### #$%.$.)').#
#.()2D[#[.####
#'######'##..####+####
#∩∩∩D@∩#e.'.##≈§§≈≈§§#
#∩∩∩2∩∩#..###§§≈§≈≈§§§
#########..+≈§≈§§.§≈§§
#...####§≈§§§≈≈§§
#..).)≈##≈§≈≈§≈§#
############≈≈#+++#+++#
###########≈≈≈..(......
##.....∩.∩#≈≈≈≈.##'##..
##....∩.∩.#≈≈≈≈##(#.##.


You could see a bone dragon and a cacodemon.

Vanquished Creatures
  Kirke (D)
  An ice dragon (D)
  A yaktaur captain (D)
  A deep elf high priest (D)
  A centaur warrior (D)
  An iron elemental (D)
  A skeletal warrior (D)
  2 unseen horrors (D)
  An orange crystal statue (D)
  An ice statue (D)
  An elephant (D)
  A kobold demonologist (D)
  2 polar bears (D)
  2 tyrant leeches (D)
  3 slime creatures (D)
  4 neqoxecs (D)
  Menkaure (D)
  A necrophage (D)
  An iron imp (D)
  A hell rat (D)
  4 worker ants (D)
  3 worms (D)
35 creatures vanquished.

Vanquished Creatures (others)
  A crocodile (D)
1 creature vanquished.

Grand Total: 36 creatures vanquished

Notes
Turn   | Place    | Note
-------+----------+-------------------------------------------
     0 | D        | Ponchio the Deep Elf Earth Elementalist began the quest for
                  | the Orb.
     0 | D        | Reached XP level 1. HP: 10/10 MP: 6/6
     1 | D        | Noticed a worker ant
     1 | D        | Noticed a worker ant
     1 | D        | Noticed a worker ant
     1 | D        | Noticed a worker ant
     8 | D        | Killed a worker ant
     8 | D        | Reached skill level 5 in Spellcasting
     8 | D        | Reached XP level 2. HP: 6/15 MP: 0/10
    11 | D        | Reached XP level 3. HP: 8/19 MP: 8/12
    13 | D        | Reached XP level 4. HP: 10/24 MP: 6/14
   171 | D        | Killed a crocodile
   200 | D        | Learned a level 2 spell: Passwall
   204 | D        | Learned a level 3 spell: Stone Arrow
   209 | D        | Learned a level 4 spell: Petrify
   212 | D        | Noticed a tyrant leech
   212 | D        | Noticed a tyrant leech
   226 | D        | Noticed an orange crystal statue
   257 | D        | Noticed a neqoxec
   257 | D        | Noticed a neqoxec
   257 | D        | Noticed a neqoxec
   257 | D        | Noticed a neqoxec
   548 | D        | Noticed Menkaure
   560 | D        | Killed Menkaure
   560 | D        | Reached skill level 10 in Spellcasting
   560 | D        | Reached skill level 10 in Earth Magic
   560 | D        | Reached XP level 5. HP: 21/28 MP: 11/19
   641 | D        | Learned a level 5 spell: Lee's Rapid Deconstruction
   663 | D        | Killed a tyrant leech
   663 | D        | Reached XP level 6. HP: 32/32 MP: 1/23
   792 | D        | Killed a tyrant leech
   792 | D        | Reached XP level 7. HP: 36/36 MP: 8/25
   900 | D        | Gained mutation: You have a beak for a mouth. [a neqoxec]
   901 | D        | Killed a neqoxec
   901 | D        | Killed a neqoxec
   901 | D        | Killed a neqoxec
   901 | D        | Reached XP level 8. HP: 41/41 MP: 16/28
   988 | D        | Found Ylyirchiac's Food Emporium.
   989 | D        | Found Wuamuc's Gadget Shoppe.
   989 | D        | Found Ydghaenea's Food Emporium.
   989 | D        | Found Icumeefo's Book Shoppe.
   989 | D        | Found Kuoxzioth's Jewellery Shoppe.
   989 | D        | Found Ajisoch's Magic Scroll Shoppe.
   989 | D        | Found Nytif's Antique Armour Emporium.
   989 | D        | Found Podah's Magic Scroll Shoppe.
   989 | D        | Found Jenenopher's Distillery.
   989 | D        | Found Qacviq's Antique Weapon Shoppe.
   989 | D        | Found Xoxkan's Gadget Emporium.
   990 | D        | Found Necli's Distillery.
   990 | D        | Found Varhon's Jewellery Emporium.
   990 | D        | Found Mamakh's Distillery.
   990 | D        | Found Cojar's Antique Armour Emporium.
  1055 | D        | Noticed an ice statue
  1070 | D        | Noticed an oklob plant
  1071 | D        | Found Viplire's Book Shoppe.
  1094 | D        | Bought a potion of heal wounds for 50 gold pieces
  1100 | D        | Bought an uncursed ring of magical power for 280 gold
                  | pieces
  1100 | D        | Bought a +4 ring of intelligence for 378 gold pieces
  1167 | D        | Killed an orange crystal statue
  1167 | D        | Reached skill level 5 in Fighting
  1167 | D        | Reached skill level 5 in Dodging
  1244 | D        | Killed an ice statue
  1418 | D        | Noticed Kirke
  1418 | D        | Noticed a kobold demonologist
  1418 | D        | Noticed a skeletal warrior
  1419 | D        | Noticed a yaktaur captain
  1420 | D        | Killed a skeletal warrior
  1420 | D        | Reached XP level 9. HP: 59/59 MP: 27/29
  1421 | D        | Noticed an elephant
  1422 | D        | Noticed an ice devil
  1423 | D        | Killed Kirke
  1423 | D        | Reached skill level 10 in Fighting
  1423 | D        | Reached skill level 10 in Dodging
  1423 | D        | Reached XP level 10. HP: 68/68 MP: 13/30
  1423 | D        | Noticed a centaur warrior
  1425 | D        | Killed a centaur warrior
  1590 | D        | Killed a yaktaur captain
  1862 | D        | Killed an elephant
  2253 | D        | Killed an unseen horror
  2253 | D        | Killed an unseen horror
  2260 | D        | Bought a ration for 65 gold pieces
  2564 | D        | Noticed an ice dragon
  2564 | D        | Noticed an iron elemental
  2567 | D        | Killed an iron elemental
  2567 | D        | Reached XP level 11. HP: 79/79 MP: 24/31
  2574 | D        | Killed an ice dragon
  2574 | D        | Reached skill level 15 in Spellcasting
  2574 | D        | Reached skill level 15 in Earth Magic
  2583 | D        | Noticed a deep elf high priest
  2591 | D        | Killed a deep elf high priest
  2598 | D        | Noticed a cacodemon
  2601 | D        | Noticed a bone dragon
  2603 | D        | Found Taontuas's Gadget Emporium.
  2603 | D        | Found Hinoish's Gadget Shop.
  2604 | D        | Found Vygeim's Gadget Shop.
  2604 | D        | Found Agics's Distillery.
  2604 | D        | Found Rashrom's Weapon Boutique.
  2604 | D        | Found Wonuoss's Antique Armour Emporium.
  2604 | D        | Found Xaduw's Assorted Antiques.
  2604 | D        | Found Qoapsoira's Gadget Shoppe.
  2604 | D        | Found Dyetiuth's Book Boutique.
  2604 | D        | Found Fiapoama's Book Emporium.
  2604 | D        | Found Bitane's Armour Shop.
  2604 | D        | Found Cetopsaa's Jewellery Shoppe.
  2623 | D        | Bought 2 potions of curing for 78 gold pieces
  2623 | D        | Bought 2 potions of haste for 260 gold pieces
  2630 | D        | HP: 3/80 [bone dragon (30)]
  2630 | D        | Slain by a bone dragon

Levels and vault maps discovered:
D:        the_violet_keep_of_menkaure [sprint2_stairs_cluster_1,
          sprint2_shoproom, sprint2_temple, sprint2_basic_supplies,
          sprint2_obstacle_2, sprint2_obstacle_7, sprint2_obstacle_4,
          sprint2_obstacle_6, sprint2_obstacle_5, sprint2_timed_cluster_1,
          sprint2_smallroom_cluster_1, sprint2_smallroom_final_cluster_1,
          sprint2_transparent_cluster_1, sprint2_second_timed_cluster_1,
          sprint2_sniper_area_1, sprint2_heavy_combat_area_1,
          sprint2_mutation_trap_area_1, sprint2_forest_area_1,
          sprint2_light_combat_area_1, sprint2_behind_water_1,
          sprint2_near_end_vault_1]

Skill      XL: |  1  2  3  4  5  6  7  8  9 10 11 |
---------------+----------------------------------+-----
Spellcasting   | 5 6 10 12 13 14 15 | 15.7
Earth Magic    | 6 7 10 11 12 14 15 | 15.4
Fighting       | 8 10 13 14 | 14.0
Dodging        | 8 10 14 | 14.2
Stealth        | |  2.4
Transmutations | |  1.1

Action                   |  1- 3 |  4- 6 |  7- 9 | 10-12 || total
-------------------------+-------+-------+-------+-------++-------
Melee: Unarmed           |       |       |       |     2 ||     2
 Cast: Sandblast         |     9 |    14 |     6 |       ||    29
       Lee's Rapid Decon |       |     5 |    13 |    35 ||    53
       Stone Arrow       |       |     1 |       |       ||     1
  Use: Potion            |     2 |       |       |     6 ||     8
       Scroll            |       |     1 |       |       ||     1
  Eat: Chunk             |       |       |     1 |     2 ||     3
       Ration            |       |       |     1 |       ||     1
Armor: Robe              |     1 |       |       |     2 ||     3
Dodge: Dodged            |     4 |     1 |     6 |    21 ||    32
